General information
- name: BNet
- type: Ladder team game (AT/RT)
- host: Battle.net
- saver: RapeUrRec
map: Cherryville
- players: 8
- length: 30:25
- speed: Fast
- version: 1.27 W3XP
- replay type: Public
» download(187 KB)
Players
team 1 (loser)
SiLeNt_oNe (
orange | 19 APM | 578 actions | 30:25)
1 Blademaster
1 Wind Walk
1 Tauren Chieftain
1 Shockwave
» actions
| Build / train | 34 | |
| Enter build submenu | 21 | |
| Enter hero's abilities submenu | 2 | |
| Right click | 352 | |
| Select / deselect | 138 | |
| Use ability | 31 | |
578 total
» units
| Peon | 7 | |
| Troll Witch Doctor | 4 | |
| Tauren | 2 | |
13 total
» upgrades
| Armor | 2 | |
| Spiked Barricades | 1 | |
| Witch Doctor Training | 2 | |
| Melee Weapons | 2 | |
| Pulverize | 1 | |
8 total
» buildings
| Altar of Storms | 3 | |
| Orc Burrow | 3 | |
| Voodoo Lounge | 1 | |
| War Mill | 1 | |
| Stronghold | 1 | |
| Fortress | 1 | |
| Spirit Lodge | 1 | |
| Watch Tower | 2 | |
| Tauren Totem | 1 | |
14 total
» build order
00:31 Altar of Storms
00:36 Altar of Storms
00:49 Orc Burrow
01:02 Altar of Storms
01:28 Voodoo Lounge
02:18 Orc Burrow
02:43 War Mill
02:54 Stronghold
03:40 Orc Burrow
05:16 Fortress
05:31 Spirit Lodge
06:28 Watch Tower
06:33 Watch Tower
07:58 Tauren Totem
» items
| Healing Salve | 4 | |
| Lesser Clarity Potion | 2 | |
| Scroll of Speed | 1 | |
7 total
RapeUrRec (
blue | 83 APM | 2535 actions | 30:25)
5 Blademaster
3 Wind Walk
2 Critical Strike
3 Shadow Hunter
2 Healing Wave
1 Hex
» actions
| Assign group hotkey | 106 | |
| Basic commands | 55 | |
| Build / train | 125 | |
| ESC pressed | 1 | |
| Enter build submenu | 36 | |
| Enter hero's abilities submenu | 9 | |
| Give item / drop item | 9 | |
| Right click | 886 | |
| Select / deselect | 445 | |
| Select group hotkey | 731 | |
| Use ability | 132 | |
2535 total
» units
| Peon | 14 | |
| Grunt | 13 | |
| Troll Headhunter/Berserker | 9 | |
| Goblin Zeppelin | 1 | |
| Goblin Sapper | 1 | |
| Goblin Shredder | 2 | |
| Demolisher | 3 | |
| Kodo Beast | 1 | |
| Raider | 3 | |
| Troll Batrider | 9 | |
56 total
» upgrades
| Berserker Strength | 1 | |
| Ranged Weapons | 3 | |
| Armor | 3 | |
| Berserker Upgrade | 1 | |
| Reinforced Defenses | 1 | |
| Troll Regeneration | 1 | |
| Spiked Barricades | 1 | |
| War Drums Damage Increase | 1 | |
| Burning Oil | 1 | |
| Ensnare | 1 | |
| Melee Weapons | 3 | |
| Pillage | 1 | |
| Liquid Fire | 1 | |
19 total
» buildings
| Orc Burrow | 8 | |
| Altar of Storms | 1 | |
| Barracks | 2 | |
| Voodoo Lounge | 1 | |
| Stronghold | 3 | |
| War Mill | 1 | |
| Watch Tower | 18 | |
| Fortress | 2 | |
| Great Hall | 1 | |
| Beastiary | 3 | |
40 total
» build order
00:13 Orc Burrow
01:02 Orc Burrow
01:09 Altar of Storms
01:13 Barracks
01:39 Voodoo Lounge
02:33 Orc Burrow
04:17 Stronghold
04:18 Stronghold
04:49 War Mill
06:12 Watch Tower
06:15 Watch Tower
06:16 Watch Tower
07:00 Orc Burrow
08:34 Fortress
08:38 Orc Burrow
09:18 Great Hall
11:28 Watch Tower
11:30 Watch Tower
12:56 Watch Tower
12:57 Watch Tower
13:00 Watch Tower
13:08 Watch Tower
13:09 Watch Tower
14:10 Watch Tower
14:13 Watch Tower
14:14 Watch Tower
15:08 Watch Tower
17:22 Beastiary
17:24 Beastiary
17:28 Barracks
17:35 Orc Burrow
24:04 Watch Tower
24:05 Watch Tower
24:06 Watch Tower
24:07 Watch Tower
25:03 Orc Burrow
26:21 Beastiary
29:16 Orc Burrow
» items
| Healing Salve | 7 | |
| Lesser Clarity Potion | 4 | |
| Boots of Speed | 2 | |
| Orb of Lightning | 2 | |
| Tiny Great Hall | 1 | |
| Scroll of Town Portal | 1 | |
| Potion of Mana | 1 | |
18 total

»
slaltlqkfrotorl (
yellow | 74 APM | 2254 actions | 30:25)
5 Blademaster
2 Wind Walk
3 Critical Strike
» actions
| Assign group hotkey | 48 | |
| Basic commands | 29 | |
| Build / train | 63 | |
| ESC pressed | 1 | |
| Enter build submenu | 24 | |
| Enter hero's abilities submenu | 5 | |
| Give item / drop item | 1 | |
| Right click | 1287 | |
| Select / deselect | 211 | |
| Select group hotkey | 500 | |
| Use ability | 85 | |
2254 total
» units
» upgrades
| Pillage | 1 | |
| Melee Weapons | 2 | |
| Ensnare | 1 | |
| Armor | 2 | |
6 total
» buildings
| Orc Burrow | 7 | |
| Altar of Storms | 4 | |
| Voodoo Lounge | 1 | |
| Stronghold | 3 | |
| War Mill | 2 | |
| Beastiary | 3 | |
| Fortress | 3 | |
| Spirit Lodge | 1 | |
| Great Hall | 2 | |
26 total
» build order
00:12 Orc Burrow
00:18 Altar of Storms
01:23 Voodoo Lounge
02:10 Stronghold
02:29 War Mill
03:02 Orc Burrow
03:10 Orc Burrow
04:22 Orc Burrow
04:42 Beastiary
04:49 Beastiary
04:54 Beastiary
09:30 Fortress
09:30 Fortress
09:37 Spirit Lodge
10:26 Orc Burrow
14:58 Orc Burrow
15:13 Great Hall
17:24 Altar of Storms
21:53 Orc Burrow
22:05 Great Hall
22:30 Altar of Storms
24:40 War Mill
25:02 Altar of Storms
28:12 Stronghold
28:12 Stronghold
» items
| Healing Salve | 3 | |
| Scroll of Speed | 1 | |
| Boots of Speed | 1 | |
| Scroll of Town Portal | 1 | |
| Orb of Lightning | 1 | |
| Potion of Healing | 1 | |
8 total
Sir_Burford (
green | 17 APM | 509 actions | 30:25)
1 Priestess of the Moon
1 Trueshot Aura
» actions
| Assign group hotkey | 3 | |
| Basic commands | 2 | |
| Build / train | 47 | |
| Enter build submenu | 21 | |
| Enter hero's abilities submenu | 1 | |
| Give item / drop item | 3 | |
| Right click | 207 | |
| Select / deselect | 163 | |
| Select group hotkey | 11 | |
| Use ability | 51 | |
509 total
» units
| Wisp | 32 | |
| Archer | 4 | |
| Goblin Shredder | 3 | |
39 total
» buildings
| Altar of Elders | 1 | |
| Moon Well | 3 | |
| Ancient of War | 30 | |
| Ancient of Wonders | 1 | |
| Tree of Life | 1 | |
| Tree of Ages | 1 | |
37 total
» build order
00:12 Altar of Elders
00:22 Moon Well
01:27 Moon Well
01:39 Ancient of War
01:58 Ancient of War
02:29 Moon Well
03:00 Ancient of Wonders
04:12 Ancient of War
04:20 Ancient of War
04:23 Ancient of War
04:26 Ancient of War
04:33 Ancient of War
04:38 Ancient of War
06:24 Tree of Life
08:00 Tree of Ages
08:04 Ancient of War
08:05 Ancient of War
08:06 Ancient of War
08:06 Ancient of War
08:07 Ancient of War
08:09 Ancient of War
08:10 Ancient of War
08:10 Ancient of War
08:12 Ancient of War
09:21 Ancient of War
11:48 Ancient of War
11:49 Ancient of War
11:50 Ancient of War
11:51 Ancient of War
11:54 Ancient of War
11:55 Ancient of War
12:25 Ancient of War
12:27 Ancient of War
13:41 Ancient of War
13:41 Ancient of War
13:42 Ancient of War
13:43 Ancient of War
» items
team 2 (winner)
priestess.user (
purple | 28 APM | 747 actions | 27:03)
4 Demon Hunter
2 Immolation
2 Mana Burn
» actions
| Assign group hotkey | 12 | |
| Basic commands | 118 | |
| Build / train | 31 | |
| Enter build submenu | 17 | |
| Enter hero's abilities submenu | 4 | |
| Right click | 273 | |
| Select / deselect | 150 | |
| Select group hotkey | 98 | |
| Use ability | 44 | |
747 total
» units
» upgrades
| Moon Armor | 1 | |
| Strength of the Moon | 1 | |
| Improved Bows | 1 | |
3 total
» buildings
| Altar of Elders | 1 | |
| Moon Well | 5 | |
| Ancient of War | 1 | |
| Hunter's Hall | 1 | |
| Ancient Protector | 1 | |
| Tree of Ages | 1 | |
| Ancient of Wonders | 1 | |
| Tree of Eternity | 1 | |
| Ancient of Wind | 1 | |
| Tree of Life | 3 | |
16 total
» build order
00:04 Altar of Elders
00:06 Moon Well
00:54 Ancient of War
01:50 Hunter's Hall
02:15 Moon Well
02:56 Moon Well
03:33 Ancient Protector
04:12 Moon Well
04:43 Tree of Ages
05:29 Moon Well
06:33 Ancient of Wonders
07:06 Tree of Eternity
07:16 Ancient of Wind
09:06 Tree of Life
09:39 Tree of Life
10:53 Tree of Life
demon366 (
pink | 67 APM | 2046 actions | 30:25)
5 Archmage
2 Summon Water Elemental
3 Brilliance Aura
» actions
| Assign group hotkey | 46 | |
| Basic commands | 190 | |
| Build / train | 105 | |
| ESC pressed | 10 | |
| Enter build submenu | 39 | |
| Enter hero's abilities submenu | 5 | |
| Give item / drop item | 4 | |
| Right click | 650 | |
| Select / deselect | 358 | |
| Select group hotkey | 518 | |
| Use ability | 121 | |
2046 total
» units
| Peasant | 27 | |
| Footman | 4 | |
| Mortar Team | 6 | |
| Siege Engine | 4 | |
| Flying Machine | 22 | |
63 total
» upgrades
| Lumber Harvesting | 2 | |
| Fragmentation Shards | 1 | |
| Flare | 1 | |
| Masonry | 2 | |
| Flak Cannons | 1 | |
7 total
» buildings
| Altar of Kings | 1 | |
| Farm | 15 | |
| Barracks | 1 | |
| Keep | 2 | |
| Town Hall | 1 | |
| Lumber Mill | 1 | |
| Scout Tower | 14 | |
| Arcane Tower | 1 | |
| Castle | 1 | |
| Blacksmith | 1 | |
| Guard Tower | 17 | |
| Workshop | 5 | |
| Arcane Vault | 1 | |
61 total
» build order
00:22 Altar of Kings
00:38 Farm
00:52 Barracks
01:00 Farm
01:39 Farm
03:16 Keep
03:16 Keep
03:52 Town Hall
04:06 Lumber Mill
04:18 Scout Tower
05:02 Arcane Tower
05:13 Scout Tower
06:20 Castle
06:43 Blacksmith
07:09 Guard Tower
07:34 Scout Tower
07:37 Scout Tower
07:39 Scout Tower
07:42 Scout Tower
07:47 Workshop
08:01 Workshop
08:09 Guard Tower
08:09 Guard Tower
08:37 Guard Tower
09:17 Guard Tower
09:22 Workshop
09:38 Scout Tower
09:41 Scout Tower
10:01 Farm
10:03 Farm
10:04 Farm
10:05 Farm
10:12 Scout Tower
10:12 Scout Tower
10:14 Guard Tower
10:28 Guard Tower
10:39 Scout Tower
10:41 Scout Tower
10:42 Guard Tower
10:42 Guard Tower
11:25 Guard Tower
11:25 Guard Tower
11:27 Scout Tower
11:28 Scout Tower
11:36 Arcane Vault
12:00 Farm
12:03 Farm
12:05 Guard Tower
12:05 Guard Tower
12:22 Farm
13:00 Farm
13:01 Farm
16:26 Farm
21:00 Farm
21:05 Farm
21:45 Workshop
21:57 Workshop
» items
| Scroll of Town Portal | 4 | |
| Scroll of Regeneration | 2 | |
| Potion of Healing | 1 | |
| Staff of Teleportation | 1 | |
8 total
BWEsux (
teal | 60 APM | 1627 actions | 27:03)
6 Archmage
3 Summon Water Elemental
2 Brilliance Aura
1 Mass Teleport
» actions
| Assign group hotkey | 43 | |
| Basic commands | 159 | |
| Build / train | 87 | |
| Enter build submenu | 58 | |
| Enter hero's abilities submenu | 6 | |
| Give item / drop item | 5 | |
| Remove unit from queue | 1 | |
| Right click | 555 | |
| Select / deselect | 372 | |
| Select group hotkey | 203 | |
| Use ability | 138 | |
1627 total
» units
| Peasant | 14 | |
| Footman | 4 | |
| Goblin Shredder | 1 | |
| Gryphon Rider | 13 | |
| Goblin Sapper | 8 | |
40 total
» upgrades
| Masonry | 3 | |
| Swords | 3 | |
| Armor | 3 | |
| Animal War Training | 1 | |
| Storm Hammers | 1 | |
| Cloud | 1 | |
12 total
» buildings
| Altar of Kings | 1 | |
| Barracks | 1 | |
| Farm | 13 | |
| Scout Tower | 44 | |
| Arcane Tower | 1 | |
| Keep | 1 | |
| Arcane Vault | 2 | |
| Lumber Mill | 1 | |
| Town Hall | 2 | |
| Guard Tower | 12 | |
| Castle | 1 | |
| Gryphon Aviary | 4 | |
| Blacksmith | 2 | |
85 total
» build order
00:35 Altar of Kings
00:36 Barracks
00:50 Farm
00:50 Farm
01:04 Farm
01:33 Farm
02:00 Scout Tower
02:35 Arcane Tower
03:30 Keep
03:43 Arcane Vault
04:10 Lumber Mill
04:38 Town Hall
04:42 Scout Tower
04:43 Scout Tower
04:44 Scout Tower
04:44 Scout Tower
05:27 Guard Tower
06:30 Guard Tower
06:31 Guard Tower
07:05 Castle
07:47 Gryphon Aviary
07:48 Gryphon Aviary
07:50 Gryphon Aviary
07:50 Gryphon Aviary
07:53 Blacksmith
07:56 Blacksmith
07:59 Farm
08:19 Scout Tower
08:21 Scout Tower
08:23 Scout Tower
08:25 Scout Tower
08:27 Scout Tower
08:37 Scout Tower
08:37 Scout Tower
08:39 Scout Tower
08:40 Scout Tower
08:40 Scout Tower
09:09 Guard Tower
09:13 Guard Tower
11:58 Guard Tower
14:56 Farm
15:21 Scout Tower
15:22 Scout Tower
15:23 Scout Tower
15:24 Scout Tower
15:25 Scout Tower
15:31 Scout Tower
15:32 Scout Tower
15:35 Scout Tower
15:36 Scout Tower
15:36 Scout Tower
15:37 Scout Tower
15:45 Town Hall
15:47 Scout Tower
15:47 Scout Tower
15:47 Scout Tower
15:48 Scout Tower
16:14 Scout Tower
16:15 Scout Tower
16:15 Scout Tower
16:16 Scout Tower
16:17 Scout Tower
16:17 Scout Tower
16:17 Scout Tower
16:18 Scout Tower
16:25 Arcane Vault
16:30 Scout Tower
16:30 Scout Tower
16:31 Scout Tower
16:32 Scout Tower
16:33 Scout Tower
16:33 Scout Tower
16:57 Guard Tower
17:04 Guard Tower
18:21 Guard Tower
18:29 Guard Tower
19:15 Guard Tower
19:39 Farm
19:40 Farm
19:41 Farm
19:43 Farm
19:44 Farm
19:46 Farm
19:48 Farm
22:01 Guard Tower
» items
| Scroll of Regeneration | 5 | |
| Mechanical Critter | 4 | |
| Staff of Sanctuary | 1 | |
| Staff of Teleportation | 1 | |
| Scroll of Town Portal | 1 | |
12 total

»
lumberfactory12 (
red | 23 APM | 698 actions | 30:25)
4 Tauren Chieftain
2 Endurance Aura
2 War Stomp
4 Dark Ranger
2 Black Arrow
2 Life Drain
» actions
| Basic commands | 185 | |
| Build / train | 70 | |
| ESC pressed | 6 | |
| Enter build submenu | 52 | |
| Enter hero's abilities submenu | 8 | |
| Remove unit from queue | 5 | |
| Right click | 13 | |
| Select / deselect | 286 | |
| Use ability | 73 | |
698 total
» units
| Peon | 21 | |
| Grunt | 6 | |
| Troll Headhunter/Berserker | 4 | |
| Raider | 13 | |
44 total
» upgrades
| Armor | 2 | |
| Ranged Weapons | 1 | |
| Spiked Barricades | 1 | |
| Melee Weapons | 1 | |
| Ensnare | 1 | |
6 total
» buildings
| Orc Burrow | 11 | |
| Altar of Storms | 1 | |
| Barracks | 2 | |
| War Mill | 1 | |
| Stronghold | 2 | |
| Watch Tower | 22 | |
| Great Hall | 4 | |
| Fortress | 2 | |
| Beastiary | 3 | |
48 total
» build order
00:31 Orc Burrow
00:43 Altar of Storms
01:15 Barracks
01:40 Orc Burrow
02:27 War Mill
02:56 Orc Burrow
04:09 Stronghold
04:30 Watch Tower
04:42 Watch Tower
06:37 Watch Tower
06:54 Great Hall
06:57 Watch Tower
07:09 Orc Burrow
07:42 Watch Tower
08:04 Watch Tower
09:01 Watch Tower
09:02 Fortress
09:08 Watch Tower
10:32 Orc Burrow
11:26 Great Hall
11:29 Watch Tower
11:31 Watch Tower
11:59 Orc Burrow
12:25 Watch Tower
12:29 Orc Burrow
13:00 Watch Tower
13:38 Watch Tower
13:47 Watch Tower
13:49 Watch Tower
14:27 Stronghold
14:37 Barracks
15:16 Watch Tower
15:17 Watch Tower
17:38 Watch Tower
18:01 Watch Tower
18:03 Fortress
18:45 Beastiary
18:51 Beastiary
18:55 Beastiary
19:00 Orc Burrow
23:38 Great Hall
24:36 Orc Burrow
24:45 Orc Burrow
27:17 Orc Burrow
27:20 Watch Tower
27:23 Watch Tower
27:24 Watch Tower
30:08 Great Hall
Chat log
(00:06 / Allies) Sir_Burford: rush
(00:18 / All) demon366: how long did u spend for search game?
(00:25 / Allies) slaltlqkfrotorl: rush ok?
(00:28 / Allies) Sir_Burford: too long is the answer
(00:29 / Allies) RapeUrRec: me cc
(00:42 / Allies) slaltlqkfrotorl: we r 3 orc
(00:42 / All) demon366: me 30 min
(00:43 / All) demon366: lol
(00:46 / Allies) slaltlqkfrotorl: we must rush blue
(02:08 / Allies) Sir_Burford: potm arch/dot korg
(03:30 / Allies) Sir_Burford: really
(03:39 / Allies) RapeUrRec: really what
(03:45 / Allies) Sir_Burford: you fucking blind.
(03:52 / Allies) RapeUrRec: I didn't nee dyour help either homo
(03:57 / Allies) RapeUrRec: I always go for this camp
(04:01 / Allies) RapeUrRec: not my fault you made trees near it
(04:05 / Allies) Sir_Burford: you're a fycking selfish player clearly
(04:10 / Allies) RapeUrRec: it's a team game
(04:14 / Allies) Sir_Burford: YES
(04:15 / Allies) RapeUrRec: you are, you're bitching about team creeping
(04:27 / Allies) RapeUrRec: go play solo
(04:34 / Allies) RapeUrRec: ?
(04:41 / Allies) RapeUrRec: lol
(04:41 / Allies) Sir_Burford: just building back here
(04:44 / Allies) Sir_Burford: don't worry
(04:44 / Allies) RapeUrRec: aow attacking me now?
(04:46 / Allies) Sir_Burford: it's a team game
(05:11 / Allies) Sir_Burford: you're a loser blue
(05:13 / Allies) RapeUrRec: you're tking me
(05:20 / Allies) Sir_Burford: i haven't even attacked you
(05:25 / Allies) Sir_Burford: i'm giving you a deffence
(05:28 / Allies) Sir_Burford: assuming
(05:29 / Allies) slaltlqkfrotorl: stop green
(05:29 / Allies) RapeUrRec: You were going to attack me
(05:35 / Allies) Sir_Burford: you assume
(05:45 / Allies) Sir_Burford: now i am
(05:49 / Allies) RapeUrRec: I've played tons of 4v4
(05:49 / Allies) Sir_Burford: because clearly you want me too
(05:54 / Allies) RapeUrRec: I know exactly what you were doing
(05:57 / Allies) Sir_Burford: Clearly not enough
(05:59 / Allies) Sir_Burford: because you're trash
(06:02 / Allies) RapeUrRec: You're an idiot
(06:06 / Allies) RapeUrRec: whiny hysterical noob elf
(06:07 / Allies) Sir_Burford: HAHA
(06:37 / Allies) Sir_Burford: attacking me doesn't win us the game does it
(06:44 / Allies) Sir_Burford: i haven't even attacked you once this game
(06:50 / Allies) RapeUrRec: Yeah but it means I won't lose my shit to your dumbass tking me over creeps
(06:56 / Allies) Sir_Burford: no nieve
(07:37 / Allies) RapeUrRec: yeah and take my shredder, no problem to you
(07:44 / Allies) RapeUrRec: but I take "your " creeps
(07:46 / Allies) RapeUrRec: and it's no big deal
(07:48 / Allies) Sir_Burford: it's a team game
(07:56 / Allies) Sir_Burford: acording to you
(08:21 / Allies) Sir_Burford: and who's the team killer?
(08:23 / Allies) RapeUrRec: Learn some manners, noob
(08:37 / Allies) Sir_Burford: what you did was "manners" uh yeh
(08:44 / Allies) RapeUrRec: You clearly have none
(08:56 / Allies) slaltlqkfrotorl: blue stop
(08:57 / Allies) slaltlqkfrotorl: blut
(08:58 / Allies) slaltlqkfrotorl: blue
(09:00 / Allies) slaltlqkfrotorl: we almost win
(09:01 / Allies) RapeUrRec: He's a tker
(09:02 / Allies) slaltlqkfrotorl: stop
(09:04 / Allies) RapeUrRec: I'll stop now
(09:10 / All) Sir_Burford: Ahaha
(09:11 / Allies) RapeUrRec: If he attacks me or gets in my way at all he's dead
(09:15 / All) Sir_Burford: blue team killer
(09:21 / All) RapeUrRec: Green hysterical noob elf trash
(09:52 / All) Sir_Burford: Throwing acusations based on false speculation
(09:56 / All) RapeUrRec: Nah
(10:01 / All) RapeUrRec: whine more noob elf trash
(10:04 / All) Sir_Burford: yeah true
(10:16 / All) Sir_Burford: it's fact all you have are assumtions because you're Neive
(10:23 / All) RapeUrRec: *naive
(10:50 / Allies) Sir_Burford: didn't fix my other spelling why fix the one word you know
(11:08 / Allies) RapeUrRec: didn't type the other stuff in allied chat so why type that here?
(11:09 / Allies) Sir_Burford: because it's all you got in your childish head evidently
(11:27 / Allies) Sir_Burford: i don't care what others think
(11:36 / Allies) RapeUrRec: k
(11:42 / Allies) Sir_Burford: oh and now we lose because of team killer blu
(11:54 / Allies) slaltlqkfrotorl: team....
(12:00 / All) Sir_Burford: i
(12:02 / Allies) Sir_Burford: it's okay
(12:09 / Allies) Sir_Burford: blue got his creeping pattern worked out
(12:12 / Allies) Sir_Burford: he'll be there soon
(12:51 / All) Sir_Burford: i'm too scared to leave my basd blue might attack me again
(12:53 / All) RapeUrRec: 135-145 noob elf green lol
(12:55 / All) Sir_Burford: base*
(13:53 / Allies) Sir_Burford: stats mean everything in 44vs4 RT don't they
(14:00 / Allies) SiLeNt_oNe: ........
(14:04 / Allies) Sir_Burford: how am i meant to win with people like you roaming battlenet
(14:12 / Allies) slaltlqkfrotorl: blue
(14:14 / Allies) slaltlqkfrotorl: happy?
(14:16 / Allies) Sir_Burford: i'll answer for you
(14:19 / Allies) Sir_Burford: we can't
(14:20 / Allies) RapeUrRec: Don't pin this one on me
(14:24 / Allies) Sir_Burford: of course he is yellow
(14:33 / Allies) Sir_Burford: it's what team killers do
(14:40 / Allies) Sir_Burford: it's just the way it
(14:43 / Allies) RapeUrRec: Green was massing aow in my base after he bitched I crept "his" creeps
(14:48 / Allies) RapeUrRec: wtf was I supposed to think he was doing
(14:49 / Allies) Sir_Burford: was i?
(15:07 / Allies) Sir_Burford: giving you a deffence
(15:12 / Allies) RapeUrRec: I doubt that
(15:18 / Allies) RapeUrRec: but it's very convenient you can say that now
(15:26 / Allies) Sir_Burford: well there is you're problem right there
(15:45 / Allies) Sir_Burford: waiting for the spelling correction from you
(15:53 / Allies) Sir_Burford: your online wepon
(16:25 / All) Sir_Burford: sorry team this game was lost from the beginning even with my help in that fight
(16:39 / Allies) Sir_Burford: but you guys knew that.
(16:42 / All) RapeUrRec: We had newbie noob elf tker green
(16:58 / All) Sir_Burford: two words - Watch Replay
(17:06 / All) RapeUrRec: Watch it and you'll see exactly where I'm coming from
(17:11 / All) RapeUrRec: and how retarded this elf is
(17:13 / All) Sir_Burford: but i wouldn't
(17:24 / All) Sir_Burford: don'y waste your time
(18:20 / Allies) Sir_Burford: why did you team kill blue honestly what goes through you sort of peoples minds?
(18:26 / Allies) Sir_Burford: i'm curious
(18:29 / Allies) RapeUrRec: I told you my thought process and why I attacked you
(18:37 / Allies) RapeUrRec: I thought you were tking nad pretty sure you were going to still
(18:40 / All) lumberfactory12: lol thanks for the portals
(18:45 / Allies) Sir_Burford: so you seeking proffesional help or nah?
(18:56 / All) Sir_Burford: all goods man
(18:57 / Allies) SiLeNt_oNe: kids now adays
(18:58 / Allies) SiLeNt_oNe: lol
(19:12 / Allies) Sir_Burford: too much dopamine
(19:33 / All) Sir_Burford: it's okay guys , blue got his creep pattern worked out
(19:53 / All) Sir_Burford: it's 4vs creeps judging from what i saw this game
(20:30 / All) Sir_Burford: i don't get though why people have to act like this though
(20:38 / Allies) Sir_Burford: like it boggles my mind
(20:45 / All) Sir_Burford: charge blue!!!!
(21:00 / All) Sir_Burford: nice man
(22:51 / All) BWEsux: LUMBER HOARDERS ROT IN HELL
(24:48 / All) BWEsux: DEATH TO LUMBER HOARDERS
(25:27 / All) Sir_Burford: if blue won this
(25:34 / All) lumberfactory12: have fun teal
(25:48 / All) RapeUrRec: DOn't worry, I make sure my team doesn't win green
(25:53 / All) Sir_Burford: yellow and orange deserve the win to be honest
(25:56 / All) RapeUrRec: you won't have to worry about getting a win on your record
(26:12 / All) SiLeNt_oNe: ...
(26:18 / All) priestess.user: pathetic
(26:32 / All) Sir_Burford: who?
(26:35 / All) RapeUrRec: you
(26:38 / All) RapeUrRec: for one
(26:39 / All) priestess.user: blue and teal
(26:43 / All) priestess.user: wasting everyones time
(26:45 / All) RapeUrRec: ?
(26:50 / All) RapeUrRec: what did I do?
(27:03 / All) RapeUrRec: drophack? both dropping at once lol
(27:30 / All) Sir_Burford: "What did i do
(27:41 / All) Sir_Burford: so inocent
(27:45 / Allies) SiLeNt_oNe: make stuff yo
(28:12 / Allies) Sir_Burford: yellow orange are really going toi let a team killer win... hiw brain will think it's what he is meant to do
(28:21 / All) lumberfactory12: when ur trying ur best to be a cunt but u get drophacked
(28:30 / All) RapeUrRec: did you drophack?
(28:35 / All) lumberfactory12: no
(28:48 / All) lumberfactory12: but if someone did thats great
(28:58 / All) RapeUrRec: You got really lucky
(29:17 / All) lumberfactory12: oh did i...
(29:21 / All) lumberfactory12: that i didnt get tked
(29:30 / All) Sir_Burford: HAHA red gets it
(29:40 / All) RapeUrRec: If he didn't drop you'd be dead
(29:42 / All) Sir_Burford: why do you think blue is only one left alive